COLUMBUS Blue Jackets vs PHILADELPHIA Flyers

Created - 6 décembre 2018 at 16:25

Goals
1 2 3 OT1 SO T
COLUMBUS Blue Jackets 1 0 2 0 1 4
PHILADELPHIA Flyers 1 0 2 0 0 3
Shots
1 2 3 OT1 SO T
COLUMBUS Blue Jackets 10 10 16 1 3 37
PHILADELPHIA Flyers 14 5 11 1 3 31

1st period

1. COLUMBUS Blue Jackets , Richard Panik 7 (Zdeno Chara 11, Valtteri Filppula 14) at 0:40
2. PHILADELPHIA Flyers , Sebastian Aho 11 (Sean Couturier 23, Dustin Byfuglien 12) at 9:44

Penalties :
Sebastian Aho (PHI) for Hooking (Minor) at 14:42, Michael Frolik (CLB) for High sticking (Minor) at 18:30

2nd period

No Goal

Penalties :
No Penalty

3rd period

3. PHILADELPHIA Flyers , Patrick Marleau 7 (Torey Krug 20, Roman Polak 9) at 2:06
4. COLUMBUS Blue Jackets , Casey Cizikas 7 (Michael Frolik 8, Loui Eriksson 9) at 9:54
5. PHILADELPHIA Flyers , Brendan Gallagher 5 (Max Domi 13, Roman Polak 10) at 12:38
6. COLUMBUS Blue Jackets , Trevor Lewis 3 (Zdeno Chara 12, Joel Edmundson 16) at 15:45

Penalties :
Sean Couturier (PHI) for Cross-checking (Minor) at 13:32

Overtime #1

No Goal

Penalties :
No Penalty

Shootout

Penalty Shot by Andre Burakovsky for COLUMBUS Blue Jackets - Goal!
Penalty Shot by Jonathan Drouin for PHILADELPHIA Flyers - Stopped by Mike Smith
Penalty Shot by Artturi Lehkonen for COLUMBUS Blue Jackets - Stopped by Henrik Lundqvist
Penalty Shot by Sebastian Aho for PHILADELPHIA Flyers - Shot Misses the Net
Penalty Shot by Loui Eriksson for COLUMBUS Blue Jackets - Stopped by Henrik Lundqvist
Penalty Shot by Sean Couturier for PHILADELPHIA Flyers - Stopped by Mike Smith

Penalties :
No Penalty

Goalie Stats

Mike Smith (CLB), 28 saves from 31 shots - (0,903), W, 12-8-4, 65:00 minutes
Henrik Lundqvist (PHI), 34 saves from 37 shots - (0,919), OTL, 12-8-4, 65:00 minutes

Players Stats for COLUMBUS Blue Jackets

Player Name              G  A  P  +/- PIM S  H  SB GA TA FO     MP     PP MP  PK MP  
------------------------------------------------------------------------------------
Alex Killorn             0  0  0   0  0   1  1  0  0  0  0/1    14:08   1:58   0:35 
Andre Burakovsky         0  0  0  -1  0   3  0  0  0  0  1/2    25:35   2:00   0:35 
Artturi Lehkonen         0  0  0   0  0   0  2  1  0  0  2/3    15:20   1:58   0:00 
Calvin de Haan           0  0  0  -2  0   0  0  2  0  0  0/0    21:57   0:00   1:12 
Casey Cizikas            1  0  1   0  0   5  3  0  0  0  18/29  17:08   0:00   1:24 
Dmitry Kulikov           0  0  0  -2  0   3  3  3  0  0  0/0    25:10   1:56   1:12 
Gabriel Bourque          0  0  0   1  0   0  0  0  0  0  0/0     6:13   0:00   0:00 
Joel Edmundson           0  1  1   2  0   1  1  1  0  0  0/0    27:53   2:02   0:47 
Jori Lehtera             0  0  0   0  0   0  0  0  0  0  4/11   11:35   0:00   0:00 
Loui Eriksson            0  1  1   0  0   6  0  0  0  0  1/1    17:08   0:00   1:24 
Matt Benning             0  0  0   0  0   0  2  0  0  0  0/0    11:31   0:00   0:00 
Michael Frolik           0  1  1   0  2   3  0  0  0  0  2/3    17:41   1:58   0:00 
Olli Maatta              0  0  0   0  0   1  1  0  0  0  0/0    13:23   1:56   0:00 
Richard Panik            1  0  1  -1  0   3  4  0  0  0  2/4    22:31   2:00   0:00 
Trevor Lewis             1  0  1   1  0   2  0  1  0  0  0/0     8:11   0:00   0:00 
Valtteri Filppula        0  1  1  -1  0   3  0  0  0  0  15/32  25:12   2:00   0:00 
Zdeno Chara              0  2  2   2  0   5  3  0  0  0  0/0    29:54   2:02   0:47 
Zemgus Girgensons        0  0  0   1  0   1  0  0  0  0  4/6     7:30   0:00   0:00 

Players Stats for PHILADELPHIA Flyers

Player Name              G  A  P  +/- PIM S  H  SB GA TA FO     MP     PP MP  PK MP  
------------------------------------------------------------------------------------
Alexei Emelin            0  0  0  -1  0   0  1  2  0  0  0/0    17:26   0:00   0:00 
Brendan Gallagher        1  0  1   2  0   3  2  0  0  0  1/1    15:19   0:32   0:57 
Dustin Byfuglien         0  1  1   0  0   1  0  2  0  0  0/0    29:15   1:02   1:33 
Erik Gudbranson          0  0  0  -1  0   1  3  0  0  0  0/0    17:17   0:00   1:51 
Jared McCann             0  0  0  -1  0   0  1  0  0  0  2/7    14:17   0:00   0:00 
Jimmy Hayes              0  0  0  -1  0   0  0  0  0  0  0/2    14:17   0:00   0:00 
Jonathan Drouin          0  0  0   0  0   2  1  0  0  0  3/6    21:41   0:32   1:21 
Matt Duchene             0  0  0  -1  0   2  0  1  0  0  1/1    14:17   0:00   0:00 
Max Domi                 0  1  1   2  0   0  0  0  0  0  1/2    19:31   1:27   2:43 
Miles Wood               0  0  0  -1  0   0  1  0  0  0  1/2     7:36   0:00   0:00 
Nikita Zadorov           0  0  0   0  0   4  4  4  0  0  0/0    26:15   0:57   2:07 
Patrick Marleau          1  0  1   1  0   3  1  1  0  0  18/39  25:49   0:32   2:35 
Roman Polak              0  2  2   1  0   0  3  2  0  0  0/0    21:15   0:57   2:07 
Sean Couturier           0  1  1   0  2   8  1  0  0  0  15/30  23:36   1:27   0:20 
Sebastian Aho            1  0  1   0  2   6  2  0  0  0  1/2    22:01   1:27   0:00 
Tomas Tatar              0  0  0  -1  0   0  0  0  0  0  0/0     7:36   0:00   0:00 
Torey Krug               0  1  1   1  0   1  0  0  0  0  0/0    18:32   1:02   0:18 
Xavier Ouellet           0  0  0   0  0   0  0  0  0  0  0/0     0:00   0:00   0:00 

3 Stars

1 - Zdeno Chara (CLB)
2 - Brendan Gallagher (PHI)
3 - Roman Polak (PHI)

Power Play

COLUMBUS Blue Jackets - 0 on 2 Attempt(s) - 0,00%
PHILADELPHIA Flyers - 0 on 1 Attempt(s) - 0,00%

Penalty Kill

COLUMBUS Blue Jackets - 1 on 1 Attempt(s) - 100,00% - Score 0 goal in Penalty Kill
PHILADELPHIA Flyers - 2 on 2 Attempt(s) - 100,00% - Score 0 goal in Penalty Kill

Team Stat

COLUMBUS Blue Jackets - Hits : 20 - Faceoff Wins : 49 - Blocked Shots : 8 - Penalty Minutes : 2
PHILADELPHIA Flyers - Hits : 20 - Faceoff Wins : 43 - Blocked Shots : 12 - Penalty Minutes : 4

Official

Referees : Unknown
Linesman : Unknown

Game Notes

No Game Note

Finance

Level 1 -- Attendance: 4758 (79,30%) -- Ticket Income 475 800 $
Level 2 -- Attendance: 3922 (78,44%) -- Ticket Income 235 320 $
Level 3 -- Attendance: 1885 (94,25%) -- Ticket Income 65 975 $
Level 4 -- Attendance: 3965 (99,13%) -- Ticket Income 79 300 $
Luxury Box -- Attendance: 812 (81,20%) -- Ticket Income 162 400 $
Game was played at the Wells Fargo Center.
Total Attendance: 15342 (85,23%)
Total Ticket Income: 1 018 795 $
Other Income: 397 330 $
Total Income: 1 416 125 $

COLUMBUS Blue Jackets

5 vs 5 Forward 
   Center                   Left Wing                Right Wing               Time % Phy DF OF 
 1 Valtteri Filppula        Richard Panik            Andre Burakovsky         40     0   3  2  
 2 Casey Cizikas            Michael Frolik           Loui Eriksson            30     0   3  2  
 3 Jori Lehtera             Artturi Lehkonen         Alex Killorn             20     0   3  2  
 4 Zemgus Girgensons        Gabriel Bourque          Trevor Lewis             10     0   4  1  

5 vs 5 Defense 
   Defense                  Defense                                           Time % Phy DF OF 
 1 Zdeno Chara              Joel Edmundson                                    40     0   2  3  
 2 Calvin de Haan           Dmitry Kulikov                                    30     0   4  1  
 3 Olli Maatta              Joel Edmundson                                    20     0   5  0  
 4 Zdeno Chara              Matt Benning                                      10     0   3  2  

PowerPlay Forward 
   Center                   Left Wing                Right Wing               Time % Phy DF OF 
 1 Valtteri Filppula        Andre Burakovsky         Richard Panik            60     0   0  5  
 2 Michael Frolik           Artturi Lehkonen         Alex Killorn             40     0   0  5  

PowerPlay Defense
   Defense                  Defense                                           Time % Phy DF OF 
 1 Zdeno Chara              Joel Edmundson                                    60     0   2  3  
 2 Olli Maatta              Dmitry Kulikov                                    40     0   2  3  

Penalty Kill 4 Players Forward 
   Center                   Wing                     Time % Phy DF OF 
 1 Casey Cizikas            Loui Eriksson            60     0   5  0  
 2 Michael Frolik           Alex Killorn             40     0   5  0  

Penalty Kill 4 Players Defense
   Defense                  Defense                  Time % Phy DF OF 
 1 Zdeno Chara              Joel Edmundson           60     0   5  0  
 2 Calvin de Haan           Dmitry Kulikov           40     0   5  0  

Penalty Kill - 3 Players Forward 
   Forward                                           Time % Phy DF OF 
 1 Gabriel Bourque                                   60     0   5  0  
 2 Casey Cizikas                                     40     0   5  0  

Penalty Kill - 3 Players Defense
   Defense                  Defense                  Time % Phy DF OF 
 1 Zdeno Chara              Calvin de Haan           60     0   5  0  
 2 Joel Edmundson           Dmitry Kulikov           40     0   5  0  

4 vs 4 Forward 
   Center                   Wing                     Time % Phy DF OF 
 1 Valtteri Filppula        Andre Burakovsky         60     0   3  2  
 2 Trevor Lewis             Artturi Lehkonen         40     0   3  2  

4 vs 4 Defense
   Defense                  Defense                  Time % Phy DF OF 
 1 Zdeno Chara              Olli Maatta              60     0   3  2  
 2 Joel Edmundson           Dmitry Kulikov           40     0   3  2  

Last Minutes Offensive
   Center                   Left Wing                Right Wing               Defense                  Defense                  
   Valtteri Filppula        Andre Burakovsky         Richard Panik            Zdeno Chara              Joel Edmundson           

Last Minutes Defensive
   Center                   Left Wing                Right Wing               Defense                  Defense                  
   Casey Cizikas            Loui Eriksson            Alex Killorn             Zdeno Chara              Joel Edmundson           

Goaltenders
Starting : Mike Smith               
Backup : Jonathan Bernier         

Extra Forwards
Normal : Trevor Lewis, Artturi Lehkonen, Andre Burakovsky - PP : Trevor Lewis, Artturi Lehkonen - PK : Andre Burakovsky
Extra Defensemen
Normal : Dmitry Kulikov, Joel Edmundson, Zdeno Chara - PP : Dmitry Kulikov - PK : Dmitry Kulikov, Joel Edmundson
Penalty Shots
Andre Burakovsky, Artturi Lehkonen, Loui Eriksson, Alex Killorn, Trevor Lewis

PHILADELPHIA Flyers

5 vs 5 Forward 
   Center                   Left Wing                Right Wing               Time % Phy DF OF 
 1 Sean Couturier           Sebastian Aho            Jonathan Drouin          40     1   2  2  
 2 Patrick Marleau          Max Domi                 Brendan Gallagher        30     1   2  2  
 3 Patrick Marleau          Miles Wood               Tomas Tatar              20     1   2  2  
 4 Jared McCann             Jimmy Hayes              Matt Duchene             10     1   2  2  

5 vs 5 Defense 
   Defense                  Defense                                           Time % Phy DF OF 
 1 Dustin Byfuglien         Nikita Zadorov                                    40     1   2  2  
 2 Torey Krug               Roman Polak                                       30     1   2  2  
 3 Alexei Emelin            Erik Gudbranson                                   20     1   2  2  
 4 Roman Polak              Dustin Byfuglien                                  10     1   2  2  

PowerPlay Forward 
   Center                   Left Wing                Right Wing               Time % Phy DF OF 
 1 Sean Couturier           Sebastian Aho            Max Domi                 60     1   2  2  
 2 Jonathan Drouin          Patrick Marleau          Brendan Gallagher        40     1   2  2  

PowerPlay Defense
   Defense                  Defense                                           Time % Phy DF OF 
 1 Dustin Byfuglien         Torey Krug                                        60     1   2  2  
 2 Nikita Zadorov           Roman Polak                                       40     1   2  2  

Penalty Kill 4 Players Forward 
   Center                   Wing                     Time % Phy DF OF 
 1 Patrick Marleau          Max Domi                 60     1   2  2  
 2 Sean Couturier           Brendan Gallagher        40     1   2  2  

Penalty Kill 4 Players Defense
   Defense                  Defense                  Time % Phy DF OF 
 1 Roman Polak              Nikita Zadorov           60     1   2  2  
 2 Dustin Byfuglien         Erik Gudbranson          40     1   2  2  

Penalty Kill - 3 Players Forward 
   Forward                                           Time % Phy DF OF 
 1 Sean Couturier                                    60     1   2  2  
 2 Patrick Marleau                                   40     1   2  2  

Penalty Kill - 3 Players Defense
   Defense                  Defense                  Time % Phy DF OF 
 1 Nikita Zadorov           Alexei Emelin            60     1   2  2  
 2 Roman Polak              Erik Gudbranson          40     1   2  2  

4 vs 4 Forward 
   Center                   Wing                     Time % Phy DF OF 
 1 Sean Couturier           Max Domi                 60     1   2  2  
 2 Patrick Marleau          Sebastian Aho            40     1   2  2  

4 vs 4 Defense
   Defense                  Defense                  Time % Phy DF OF 
 1 Dustin Byfuglien         Nikita Zadorov           60     1   2  2  
 2 Torey Krug               Alexei Emelin            40     1   2  2  

Last Minutes Offensive
   Center                   Left Wing                Right Wing               Defense                  Defense                  
   Sean Couturier           Patrick Marleau          Sebastian Aho            Dustin Byfuglien         Torey Krug               

Last Minutes Defensive
   Center                   Left Wing                Right Wing               Defense                  Defense                  
   Sean Couturier           Max Domi                 Patrick Marleau          Erik Gudbranson          Roman Polak              

Goaltenders
Starting : Henrik Lundqvist         
Backup : Thomas Greiss            

Extra Forwards
Normal : Brendan Gallagher, Max Domi, Patrick Marleau - PP : Patrick Marleau, Brendan Gallagher - PK : Patrick Marleau
Extra Defensemen
Normal : Torey Krug, Erik Gudbranson, Nikita Zadorov - PP : Torey Krug - PK : Nikita Zadorov, Torey Krug
Penalty Shots
Jonathan Drouin, Sebastian Aho, Sean Couturier, Patrick Marleau, Max Domi


% Time on Ice - COLUMBUS Blue Jackets

Lines # - Real PCT - Wanted PCT - Time Play
Normal Forward
1 - 38% - 40% - 20:31
2 - 29% - 30% - 15:44
3 - 21% - 20% - 11:35
4 - 12% - 10% - 6:13
Normal Defense
1 - 30% - 40% - 15:59
2 - 37% - 30% - 20:01
3 - 15% - 20% - 8:04
4 - 18% - 10% - 9:59
PP Forward
1 - 50% - 60% - 2:00
2 - 50% - 40% - 1:58
PP Defense
1 - 51% - 60% - 2:02
2 - 49% - 40% - 1:56
PK Forward
1 - 71% - 60% - 1:24
2 - 29% - 40% - 0:35
PK Defense
1 - 39% - 60% - 0:47
2 - 61% - 40% - 1:12
PK3 Forward
1 - 0% - 60%
2 - 0% - 40%
PK3 Defense
1 - 0% - 60%
2 - 0% - 40%
44 Forward
1 - 75% - 60% - 3:46
2 - 25% - 40% - 1:14
44 Defense
1 - 60% - 60% - 2:59
2 - 40% - 40% - 2:01
Last Minute Offensive  - 0:00
Last Minute Defensive  - 0:00
Total
Forward - 65:00
Defense - 65:00

% Time on Ice - PHILADELPHIA Flyers

Lines # - Real PCT - Wanted PCT - Time Play
Normal Forward
1 - 36% - 40% - 19:19
2 - 24% - 30% - 12:51
3 - 14% - 20% - 7:36
4 - 26% - 10% - 14:17
Normal Defense
1 - 38% - 40% - 20:41
2 - 28% - 30% - 14:52
3 - 28% - 20% - 15:11
4 - 6% - 10% - 3:19
PP Forward
1 - 73% - 60% - 1:27
2 - 27% - 40% - 0:32
PP Defense
1 - 52% - 60% - 1:02
2 - 48% - 40% - 0:57
PK Forward
1 - 76% - 60% - 3:01
2 - 24% - 40% - 0:57
PK Defense
1 - 53% - 60% - 2:07
2 - 47% - 40% - 1:51
PK3 Forward
1 - 0% - 60%
2 - 0% - 40%
PK3 Defense
1 - 0% - 60%
2 - 0% - 40%
44 Forward
1 - 75% - 60% - 3:44
2 - 25% - 40% - 1:16
44 Defense
1 - 55% - 60% - 2:45
2 - 45% - 40% - 2:15
Last Minute Offensive  - 0:00
Last Minute Defensive  - 0:00
Total
Forward - 65:00
Defense - 65:00

Play by Play

1st period


0:01 of 1st period - Valtteri Filppula wins face-off versus Sean Couturier in neutral zone.
0:14 of 1st period - Shot by Richard Panik.
0:14 of 1st period - Shot Misses the Net.
0:38 of 1st period - Shot by Richard Panik.
0:38 of 1st period - Shot Blocked by Dustin Byfuglien.
0:40 of 1st period - Shot by Richard Panik.
0:40 of 1st period - Goal by Richard Panik - COLUMBUS Blue Jackets : 1 - PHILADELPHIA Flyers : 0.
0:41 of 1st period - Casey Cizikas wins face-off versus Patrick Marleau in neutral zone.
0:43 of 1st period - Dmitry Kulikov is hit by Roman Polak and loses puck.
1:08 of 1st period - Casey Cizikas is hit by Roman Polak and loses puck.
1:47 of 1st period - Shot by Matt Duchene.
1:47 of 1st period - Stopped by Mike Smith without a rebound.
1:48 of 1st period - Zemgus Girgensons wins face-off versus Sean Couturier in COLUMBUS Blue Jackets zone.
3:47 of 1st period - Shot by Jimmy Hayes.
3:47 of 1st period - Shot Misses the Net.
3:59 of 1st period - Shot by Jared McCann.
3:59 of 1st period - Shot Misses the Net.
4:06 of 1st period - Icing by Richard Panik.
4:07 of 1st period - Patrick Marleau wins face-off versus Valtteri Filppula in COLUMBUS Blue Jackets zone.
4:10 of 1st period - Shot by Brendan Gallagher.
4:10 of 1st period - Shot Misses the Net.
4:12 of 1st period - Shot by Nikita Zadorov.
4:12 of 1st period - Stopped by Mike Smith with a rebound.
4:14 of 1st period - Shot by Dustin Byfuglien.
4:14 of 1st period - Stopped by Mike Smith without a rebound.
4:15 of 1st period - Sean Couturier wins face-off versus Jori Lehtera in COLUMBUS Blue Jackets zone.
4:32 of 1st period - Shot by Sean Couturier.
4:32 of 1st period - Stopped by Mike Smith with a rebound.
4:40 of 1st period - Shot by Jonathan Drouin.
4:40 of 1st period - Stopped by Mike Smith without a rebound.
4:41 of 1st period - Patrick Marleau wins face-off versus Casey Cizikas in COLUMBUS Blue Jackets zone.
4:45 of 1st period - Icing by Zdeno Chara.
4:46 of 1st period - Casey Cizikas wins face-off versus Patrick Marleau in COLUMBUS Blue Jackets zone.
4:59 of 1st period - Shot by Casey Cizikas.
4:59 of 1st period - Deflect By Loui Eriksson.
4:59 of 1st period - Stopped by Henrik Lundqvist without a rebound.
5:00 of 1st period - Sean Couturier wins face-off versus Jori Lehtera in PHILADELPHIA Flyers zone.
5:13 of 1st period - Shot by Jonathan Drouin.
5:13 of 1st period - Shot Blocked by Calvin de Haan.
5:27 of 1st period - Shot by Sebastian Aho.
5:27 of 1st period - Shot Misses the Net.
5:41 of 1st period - Shot by Sean Couturier.
5:41 of 1st period - Stopped by Mike Smith without a rebound.
5:42 of 1st period - Casey Cizikas wins face-off versus Patrick Marleau in COLUMBUS Blue Jackets zone.
7:33 of 1st period - Shot by Alex Killorn.
7:33 of 1st period - Deflect By Artturi Lehkonen.
7:33 of 1st period - Shot Misses the Net.
7:45 of 1st period - Shot by Sebastian Aho.
7:45 of 1st period - Shot Misses the Net.
7:47 of 1st period - Shot by Nikita Zadorov.
7:47 of 1st period - Stopped by Mike Smith with a rebound.
7:49 of 1st period - Shot by Sean Couturier.
7:49 of 1st period - Stopped by Mike Smith with a rebound.
8:00 of 1st period - Sebastian Aho is hit by Matt Benning and loses puck.
8:05 of 1st period - Shot by Sebastian Aho.
8:05 of 1st period - Stopped by Mike Smith without a rebound.
8:06 of 1st period - Casey Cizikas wins face-off versus Patrick Marleau in COLUMBUS Blue Jackets zone.
8:06 of 1st period - Casey Cizikas is hit by Miles Wood.
8:17 of 1st period - Icing by Torey Krug.
8:18 of 1st period - Patrick Marleau wins face-off versus Valtteri Filppula in PHILADELPHIA Flyers zone.
8:30 of 1st period - Shot by Valtteri Filppula.
8:30 of 1st period - Stopped by Henrik Lundqvist without a rebound.
8:31 of 1st period - Casey Cizikas wins face-off versus Sean Couturier in PHILADELPHIA Flyers zone.
8:32 of 1st period - Shot by Loui Eriksson.
8:32 of 1st period - Shot Blocked by Nikita Zadorov.
8:55 of 1st period - Shot by Sean Couturier.
8:55 of 1st period - Shot Blocked by Dmitry Kulikov.
8:57 of 1st period - Shot by Sean Couturier.
8:57 of 1st period - Shot Misses the Net.
8:59 of 1st period - Shot by Jonathan Drouin.
8:59 of 1st period - Deflect By Sean Couturier.
8:59 of 1st period - Stopped by Mike Smith without a rebound.
9:00 of 1st period - Valtteri Filppula wins face-off versus Patrick Marleau in COLUMBUS Blue Jackets zone.
9:04 of 1st period - Roman Polak is hit by Zdeno Chara and loses puck.
9:14 of 1st period - Tomas Tatar is hit by Joel Edmundson.
9:28 of 1st period - Shot by Tomas Tatar.
9:28 of 1st period - Shot Misses the Net.
9:30 of 1st period - Shot by Roman Polak.
9:30 of 1st period - Shot Misses the Net.
9:32 of 1st period - Shot by Patrick Marleau.
9:32 of 1st period - Stopped by Mike Smith without a rebound.
9:33 of 1st period - Sean Couturier wins face-off versus Casey Cizikas in COLUMBUS Blue Jackets zone.
9:44 of 1st period - Shot by Sebastian Aho.
9:44 of 1st period - Goal by Sebastian Aho - COLUMBUS Blue Jackets : 1 - PHILADELPHIA Flyers : 1.
9:45 of 1st period - Zemgus Girgensons wins face-off versus Jared McCann in neutral zone.
10:01 of 1st period - Matt Duchene is hit by Dmitry Kulikov and loses puck.
10:11 of 1st period - Shot by Jared McCann.
10:11 of 1st period - Shot Misses the Net.
10:13 of 1st period - Shot by Matt Duchene.
10:13 of 1st period - Shot Misses the Net.
10:25 of 1st period - Shot by Matt Duchene.
10:25 of 1st period - Stopped by Mike Smith without a rebound.
10:26 of 1st period - Patrick Marleau wins face-off versus Richard Panik in COLUMBUS Blue Jackets zone.
10:52 of 1st period - Shot by Richard Panik.
10:52 of 1st period - Shot Blocked by Roman Polak.
10:54 of 1st period - Shot by Valtteri Filppula.
10:54 of 1st period - Shot Misses the Net.
11:20 of 1st period - Shot by Casey Cizikas.
11:20 of 1st period - Stopped by Henrik Lundqvist with a rebound.
11:22 of 1st period - Shot by Michael Frolik.
11:22 of 1st period - Shot Misses the Net.
11:38 of 1st period - Shot by Casey Cizikas.
11:38 of 1st period - Shot Misses the Net.
11:40 of 1st period - Shot by Casey Cizikas.
11:40 of 1st period - Stopped by Henrik Lundqvist without a rebound.
11:41 of 1st period - Artturi Lehkonen wins face-off versus Sean Couturier in PHILADELPHIA Flyers zone.
12:48 of 1st period - Nikita Zadorov is hit by Richard Panik and loses puck.
13:00 of 1st period - Dustin Byfuglien is hit by Zdeno Chara and loses puck.
13:33 of 1st period - Shot by Loui Eriksson.
13:33 of 1st period - Shot Blocked by Matt Duchene.
13:35 of 1st period - Shot by Michael Frolik.
13:35 of 1st period - Shot Blocked by Nikita Zadorov.
13:37 of 1st period - Shot by Casey Cizikas.
13:37 of 1st period - Stopped by Henrik Lundqvist without a rebound.
13:38 of 1st period - Patrick Marleau wins face-off versus Zemgus Girgensons in PHILADELPHIA Flyers zone.
14:07 of 1st period - Shot by Tomas Tatar.
14:07 of 1st period - Shot Misses the Net.
14:42 of 1st period - Minor Penalty to Sebastian Aho for Hooking.
14:43 of 1st period - Patrick Marleau wins face-off versus Valtteri Filppula in PHILADELPHIA Flyers zone.
15:04 of 1st period - Shot by Zdeno Chara.
15:04 of 1st period - Stopped by Henrik Lundqvist without a rebound.
15:05 of 1st period - Michael Frolik wins face-off versus Patrick Marleau in PHILADELPHIA Flyers zone.
15:38 of 1st period - Shot by Olli Maatta.
15:38 of 1st period - Shot Misses the Net.
16:18 of 1st period - Shot by Richard Panik.
16:18 of 1st period - Deflect By Valtteri Filppula.
16:18 of 1st period - Stopped by Henrik Lundqvist without a rebound.
16:19 of 1st period - Sean Couturier wins face-off versus Valtteri Filppula in PHILADELPHIA Flyers zone.
16:25 of 1st period - Icing by Zdeno Chara.
16:26 of 1st period - Valtteri Filppula wins face-off versus Patrick Marleau in COLUMBUS Blue Jackets zone.
16:37 of 1st period - Shot by Andre Burakovsky.
16:37 of 1st period - Stopped by Henrik Lundqvist with a rebound.
16:39 of 1st period - Shot by Zdeno Chara.
16:39 of 1st period - Shot Misses the Net.
16:41 of 1st period - Shot by Valtteri Filppula.
16:41 of 1st period - Shot Misses the Net.
17:07 of 1st period - Jared McCann is hit by Matt Benning.
17:21 of 1st period - Shot by Matt Duchene.
17:21 of 1st period - Shot Blocked by Trevor Lewis.
18:29 of 1st period - Shot by Richard Panik.
18:29 of 1st period - Deflect By Valtteri Filppula.
18:29 of 1st period - Stopped by Henrik Lundqvist without a rebound.
18:30 of 1st period - Miles Wood wins face-off versus Casey Cizikas in PHILADELPHIA Flyers zone.
18:30 of 1st period - Minor Penalty to Michael Frolik for High sticking.
18:31 of 1st period - Casey Cizikas wins face-off versus Jonathan Drouin in COLUMBUS Blue Jackets zone.
18:31 of 1st period - Casey Cizikas is hit by Brendan Gallagher.
18:47 of 1st period - Shot by Torey Krug.
18:47 of 1st period - Stopped by Mike Smith without a rebound.
18:48 of 1st period - Casey Cizikas wins face-off versus Sean Couturier in COLUMBUS Blue Jackets zone.
18:48 of 1st period - Casey Cizikas is hit by Nikita Zadorov.
18:58 of 1st period - Loui Eriksson is hit by Sebastian Aho and loses puck.
19:16 of 1st period - Icing by Roman Polak.
19:17 of 1st period - Casey Cizikas wins face-off versus Sean Couturier in PHILADELPHIA Flyers zone.
19:17 of 1st period - Loui Eriksson is hit by Nikita Zadorov and loses puck.
19:38 of 1st period - Shot by Sebastian Aho.
19:38 of 1st period - Shot Misses the Net.
19:40 of 1st period - Shot by Roman Polak.
19:40 of 1st period - Shot Blocked by Calvin de Haan.
19:58 of 1st period - Calvin de Haan is hit by Brendan Gallagher and loses puck.
Goals for this period are 1 for COLUMBUS Blue Jackets vs 1 for PHILADELPHIA Flyers.
Shots for this period are 10 for COLUMBUS Blue Jackets vs 14 for PHILADELPHIA Flyers.

2nd period


0:01 of 2nd period - Sean Couturier wins face-off versus Casey Cizikas in neutral zone.
0:04 of 2nd period - Shot by Dustin Byfuglien.
0:04 of 2nd period - Shot Misses the Net.
0:12 of 2nd period - Shot by Sebastian Aho.
0:12 of 2nd period - Shot Misses the Net.
0:45 of 2nd period - Shot by Andre Burakovsky.
0:45 of 2nd period - Shot Blocked by Patrick Marleau.
1:28 of 2nd period - Icing by Dustin Byfuglien.
1:29 of 2nd period - Matt Duchene wins face-off versus Casey Cizikas in PHILADELPHIA Flyers zone.
1:58 of 2nd period - Shot by Nikita Zadorov.
1:58 of 2nd period - Stopped by Mike Smith with a rebound.
2:02 of 2nd period - Shot by Jared McCann.
2:02 of 2nd period - Shot Misses the Net.
2:04 of 2nd period - Shot by Dustin Byfuglien.
2:04 of 2nd period - Shot Misses the Net.
3:03 of 2nd period - Shot by Sebastian Aho.
3:03 of 2nd period - Stopped by Mike Smith without a rebound.
3:04 of 2nd period - Valtteri Filppula wins face-off versus Patrick Marleau in COLUMBUS Blue Jackets zone.
3:19 of 2nd period - Shot by Andre Burakovsky.
3:19 of 2nd period - Stopped by Henrik Lundqvist without a rebound.
3:20 of 2nd period - Jonathan Drouin wins face-off versus Jori Lehtera in PHILADELPHIA Flyers zone.
3:41 of 2nd period - Shot by Sebastian Aho.
3:41 of 2nd period - Stopped by Mike Smith without a rebound.
3:42 of 2nd period - Brendan Gallagher wins face-off versus Valtteri Filppula in COLUMBUS Blue Jackets zone.
3:45 of 2nd period - Shot by Erik Gudbranson.
3:45 of 2nd period - Shot Blocked by Dmitry Kulikov.
3:47 of 2nd period - Shot by Erik Gudbranson.
3:47 of 2nd period - Stopped by Mike Smith without a rebound.
3:48 of 2nd period - Patrick Marleau wins face-off versus Valtteri Filppula in COLUMBUS Blue Jackets zone.
3:54 of 2nd period - Icing by Dmitry Kulikov.
3:55 of 2nd period - Patrick Marleau wins face-off versus Andre Burakovsky in COLUMBUS Blue Jackets zone.
4:30 of 2nd period - Shot by Richard Panik.
4:30 of 2nd period - Shot Misses the Net.
4:47 of 2nd period - Icing by Dustin Byfuglien.
4:48 of 2nd period - Casey Cizikas wins face-off versus Patrick Marleau in PHILADELPHIA Flyers zone.
4:53 of 2nd period - Shot by Casey Cizikas.
4:53 of 2nd period - Stopped by Henrik Lundqvist without a rebound.
4:54 of 2nd period - Casey Cizikas wins face-off versus Sean Couturier in PHILADELPHIA Flyers zone.
5:13 of 2nd period - Shot by Loui Eriksson.
5:13 of 2nd period - Stopped by Henrik Lundqvist with a rebound.
5:19 of 2nd period - Shot by Michael Frolik.
5:19 of 2nd period - Shot Misses the Net.
5:23 of 2nd period - Shot by Loui Eriksson.
5:23 of 2nd period - Stopped by Henrik Lundqvist without a rebound.
5:24 of 2nd period - Jori Lehtera wins face-off versus Jared McCann in PHILADELPHIA Flyers zone.
6:18 of 2nd period - Alex Killorn is hit by Jonathan Drouin and loses puck.
7:42 of 2nd period - Icing by Zdeno Chara.
7:43 of 2nd period - Valtteri Filppula wins face-off versus Jared McCann in COLUMBUS Blue Jackets zone.
7:55 of 2nd period - Valtteri Filppula is hit by Erik Gudbranson and loses puck.
7:59 of 2nd period - Icing by Alexei Emelin.
8:00 of 2nd period - Casey Cizikas wins face-off versus Jimmy Hayes in PHILADELPHIA Flyers zone.
8:39 of 2nd period - Off-side.
8:40 of 2nd period - Zemgus Girgensons wins face-off versus Sean Couturier in neutral zone.
9:06 of 2nd period - Shot by Zemgus Girgensons.
9:06 of 2nd period - Stopped by Henrik Lundqvist without a rebound.
9:07 of 2nd period - Patrick Marleau wins face-off versus Valtteri Filppula in PHILADELPHIA Flyers zone.
9:20 of 2nd period - Shot by Richard Panik.
9:20 of 2nd period - Deflect By Andre Burakovsky.
9:20 of 2nd period - Shot Blocked by Roman Polak.
9:30 of 2nd period - Shot by Andre Burakovsky.
9:30 of 2nd period - Shot Misses the Net.
9:40 of 2nd period - Shot by Richard Panik.
9:40 of 2nd period - Shot Misses the Net.
10:19 of 2nd period - Icing by Brendan Gallagher.
10:20 of 2nd period - Jori Lehtera wins face-off versus Patrick Marleau in PHILADELPHIA Flyers zone.
10:21 of 2nd period - Shot by Alex Killorn.
10:21 of 2nd period - Stopped by Henrik Lundqvist without a rebound.
10:22 of 2nd period - Jori Lehtera wins face-off versus Sean Couturier in PHILADELPHIA Flyers zone.
10:35 of 2nd period - Shot by Sebastian Aho.
10:35 of 2nd period - Stopped by Mike Smith without a rebound.
10:36 of 2nd period - Valtteri Filppula wins face-off versus Jared McCann in COLUMBUS Blue Jackets zone.
11:46 of 2nd period - Shot by Michael Frolik.
11:46 of 2nd period - Deflect By Loui Eriksson.
11:46 of 2nd period - Stopped by Henrik Lundqvist without a rebound.
11:47 of 2nd period - Sean Couturier wins face-off versus Jori Lehtera in PHILADELPHIA Flyers zone.
11:53 of 2nd period - Icing by Matt Benning.
11:54 of 2nd period - Sebastian Aho wins face-off versus Jori Lehtera in COLUMBUS Blue Jackets zone.
12:05 of 2nd period - Shot by Zdeno Chara.
12:05 of 2nd period - Stopped by Henrik Lundqvist without a rebound.
12:06 of 2nd period - Patrick Marleau wins face-off versus Valtteri Filppula in PHILADELPHIA Flyers zone.
12:13 of 2nd period - Shot by Roman Polak.
12:13 of 2nd period - Shot Misses the Net.
12:23 of 2nd period - Roman Polak is hit by Richard Panik and loses puck.
13:06 of 2nd period - Shot by Michael Frolik.
13:06 of 2nd period - Stopped by Henrik Lundqvist without a rebound.
13:07 of 2nd period - Sean Couturier wins face-off versus Jori Lehtera in PHILADELPHIA Flyers zone.
13:07 of 2nd period - Sean Couturier is hit by Alex Killorn.
13:13 of 2nd period - Shot by Zdeno Chara.
13:13 of 2nd period - Shot Blocked by Nikita Zadorov.
15:38 of 2nd period - Brendan Gallagher is hit by Casey Cizikas.
16:22 of 2nd period - Shot by Sean Couturier.
16:22 of 2nd period - Shot Misses the Net.
17:26 of 2nd period - Shot by Patrick Marleau.
17:26 of 2nd period - Shot Misses the Net.
17:40 of 2nd period - Shot by Tomas Tatar.
17:40 of 2nd period - Shot Blocked by Artturi Lehkonen.
18:16 of 2nd period - Shot by Zdeno Chara.
18:16 of 2nd period - Stopped by Henrik Lundqvist without a rebound.
18:17 of 2nd period - Zemgus Girgensons wins face-off versus Patrick Marleau in PHILADELPHIA Flyers zone.
19:33 of 2nd period - Shot by Artturi Lehkonen.
19:33 of 2nd period - Deflect By Jori Lehtera.
19:33 of 2nd period - Shot Misses the Net.
Goals for this period are 0 for COLUMBUS Blue Jackets vs 0 for PHILADELPHIA Flyers.
Shots for this period are 10 for COLUMBUS Blue Jackets vs 5 for PHILADELPHIA Flyers.

3rd period


0:01 of 3rd period - Valtteri Filppula wins face-off versus Jonathan Drouin in neutral zone.
0:01 of 3rd period - Richard Panik is hit by Nikita Zadorov and loses puck.
0:23 of 3rd period - Icing by Nikita Zadorov.
0:24 of 3rd period - Casey Cizikas wins face-off versus Sean Couturier in PHILADELPHIA Flyers zone.
0:24 of 3rd period - Calvin de Haan is hit by Nikita Zadorov and loses puck.
1:27 of 3rd period - Shot by Max Domi.
1:27 of 3rd period - Shot Misses the Net.
2:04 of 3rd period - Shot by Patrick Marleau.
2:04 of 3rd period - Shot Misses the Net.
2:06 of 3rd period - Shot by Patrick Marleau.
2:06 of 3rd period - Goal by Patrick Marleau - COLUMBUS Blue Jackets : 1 - PHILADELPHIA Flyers : 2.
2:07 of 3rd period - Jared McCann wins face-off versus Alex Killorn in neutral zone.
3:54 of 3rd period - Dustin Byfuglien is hit by Casey Cizikas and loses puck.
3:58 of 3rd period - Dustin Byfuglien is hit by Zdeno Chara and loses puck.
4:34 of 3rd period - Shot by Sean Couturier.
4:34 of 3rd period - Shot Misses the Net.
4:49 of 3rd period - Icing by Richard Panik.
4:50 of 3rd period - Jared McCann wins face-off versus Valtteri Filppula in COLUMBUS Blue Jackets zone.
5:41 of 3rd period - Off-side.
5:42 of 3rd period - Casey Cizikas wins face-off versus Sebastian Aho in neutral zone.
5:55 of 3rd period - Shot by Sebastian Aho.
5:55 of 3rd period - Deflect By Sean Couturier.
5:55 of 3rd period - Stopped by Mike Smith without a rebound.
5:56 of 3rd period - Patrick Marleau wins face-off versus Jori Lehtera in COLUMBUS Blue Jackets zone.
6:04 of 3rd period - Erik Gudbranson is hit by Artturi Lehkonen and loses puck.
6:09 of 3rd period - Shot by Zdeno Chara.
6:09 of 3rd period - Stopped by Henrik Lundqvist with a rebound.
6:11 of 3rd period - Shot by Jori Lehtera.
6:11 of 3rd period - Shot Blocked by Alexei Emelin.
6:13 of 3rd period - Shot by Zdeno Chara.
6:13 of 3rd period - Shot Misses the Net.
6:15 of 3rd period - Shot by Joel Edmundson.
6:15 of 3rd period - Shot Misses the Net.
6:17 of 3rd period - Shot by Zdeno Chara.
6:17 of 3rd period - Stopped by Henrik Lundqvist without a rebound.
6:18 of 3rd period - Casey Cizikas wins face-off versus Sean Couturier in PHILADELPHIA Flyers zone.
6:23 of 3rd period - Shot by Loui Eriksson.
6:23 of 3rd period - Stopped by Henrik Lundqvist without a rebound.
6:24 of 3rd period - Valtteri Filppula wins face-off versus Sean Couturier in PHILADELPHIA Flyers zone.
6:24 of 3rd period - Valtteri Filppula is hit by Roman Polak.
6:28 of 3rd period - Shot by Dmitry Kulikov.
6:28 of 3rd period - Stopped by Henrik Lundqvist without a rebound.
6:29 of 3rd period - Sean Couturier wins face-off versus Valtteri Filppula in PHILADELPHIA Flyers zone.
6:58 of 3rd period - Shot by Richard Panik.
6:58 of 3rd period - Stopped by Henrik Lundqvist without a rebound.
6:59 of 3rd period - Patrick Marleau wins face-off versus Casey Cizikas in PHILADELPHIA Flyers zone.
7:04 of 3rd period - Dustin Byfuglien is hit by Casey Cizikas and loses puck.
7:13 of 3rd period - Shot by Loui Eriksson.
7:13 of 3rd period - Stopped by Henrik Lundqvist without a rebound.
7:14 of 3rd period - Patrick Marleau wins face-off versus Zemgus Girgensons in PHILADELPHIA Flyers zone.
7:28 of 3rd period - Icing by Alexei Emelin.
7:29 of 3rd period - Valtteri Filppula wins face-off versus Patrick Marleau in PHILADELPHIA Flyers zone.
7:39 of 3rd period - Miles Wood is hit by Dmitry Kulikov and loses puck.
7:46 of 3rd period - Shot by Patrick Marleau.
7:46 of 3rd period - Shot Misses the Net.
7:48 of 3rd period - Shot by Miles Wood.
7:48 of 3rd period - Deflect By Patrick Marleau.
7:48 of 3rd period - Stopped by Mike Smith without a rebound.
7:49 of 3rd period - Loui Eriksson wins face-off versus Sean Couturier in COLUMBUS Blue Jackets zone.
7:49 of 3rd period - Loui Eriksson is hit by Sebastian Aho.
7:57 of 3rd period - Shot by Sean Couturier.
7:57 of 3rd period - Shot Misses the Net.
8:01 of 3rd period - Shot by Sebastian Aho.
8:01 of 3rd period - Shot Misses the Net.
8:03 of 3rd period - Shot by Dustin Byfuglien.
8:03 of 3rd period - Shot Misses the Net.
8:17 of 3rd period - Shot by Sebastian Aho.
8:17 of 3rd period - Stopped by Mike Smith with a rebound.
8:19 of 3rd period - Shot by Sean Couturier.
8:19 of 3rd period - Shot Blocked by Joel Edmundson.
8:21 of 3rd period - Shot by Sean Couturier.
8:21 of 3rd period - Stopped by Mike Smith without a rebound.
8:22 of 3rd period - Max Domi wins face-off versus Richard Panik in COLUMBUS Blue Jackets zone.
8:52 of 3rd period - Max Domi is hit by Dmitry Kulikov and loses puck.
9:01 of 3rd period - Shot by Brendan Gallagher.
9:01 of 3rd period - Stopped by Mike Smith without a rebound.
9:02 of 3rd period - Sean Couturier wins face-off versus Casey Cizikas in COLUMBUS Blue Jackets zone.
9:25 of 3rd period - Shot by Casey Cizikas.
9:25 of 3rd period - Shot Misses the Net.
9:40 of 3rd period - Icing by Zdeno Chara.
9:41 of 3rd period - Casey Cizikas wins face-off versus Patrick Marleau in COLUMBUS Blue Jackets zone.
9:52 of 3rd period - Shot by Michael Frolik.
9:52 of 3rd period - Stopped by Henrik Lundqvist with a rebound.
9:54 of 3rd period - Shot by Casey Cizikas.
9:54 of 3rd period - Goal by Casey Cizikas - COLUMBUS Blue Jackets : 2 - PHILADELPHIA Flyers : 2.
9:55 of 3rd period - Valtteri Filppula wins face-off versus Patrick Marleau in neutral zone.
9:55 of 3rd period - Valtteri Filppula is hit by Patrick Marleau.
10:25 of 3rd period - Shot by Brendan Gallagher.
10:25 of 3rd period - Shot Misses the Net.
10:47 of 3rd period - Nikita Zadorov is hit by Richard Panik and loses puck.
11:18 of 3rd period - Shot by Sean Couturier.
11:18 of 3rd period - Stopped by Mike Smith without a rebound.
11:19 of 3rd period - Casey Cizikas wins face-off versus Jimmy Hayes in COLUMBUS Blue Jackets zone.
11:19 of 3rd period - Casey Cizikas is hit by Alexei Emelin.
11:24 of 3rd period - Loui Eriksson is hit by Erik Gudbranson and loses puck.
11:56 of 3rd period - Icing by Loui Eriksson.
11:57 of 3rd period - Jonathan Drouin wins face-off versus Casey Cizikas in COLUMBUS Blue Jackets zone.
12:24 of 3rd period - Off-side.
12:25 of 3rd period - Patrick Marleau wins face-off versus Valtteri Filppula in neutral zone.
12:32 of 3rd period - Shot by Patrick Marleau.
12:32 of 3rd period - Shot Misses the Net.
12:34 of 3rd period - Shot by Roman Polak.
12:34 of 3rd period - Deflect By Max Domi.
12:34 of 3rd period - Shot Misses the Net.
12:36 of 3rd period - Shot by Brendan Gallagher.
12:36 of 3rd period - Shot Misses the Net.
12:38 of 3rd period - Shot by Brendan Gallagher.
12:38 of 3rd period - Goal by Brendan Gallagher - COLUMBUS Blue Jackets : 2 - PHILADELPHIA Flyers : 3.
12:39 of 3rd period - Sean Couturier wins face-off versus Artturi Lehkonen in neutral zone.
12:42 of 3rd period - Shot by Jonathan Drouin.
12:42 of 3rd period - Stopped by Mike Smith without a rebound.
12:43 of 3rd period - Valtteri Filppula wins face-off versus Jonathan Drouin in COLUMBUS Blue Jackets zone.
12:43 of 3rd period - Valtteri Filppula is hit by Sean Couturier.
12:57 of 3rd period - Shot by Richard Panik.
12:57 of 3rd period - Stopped by Henrik Lundqvist without a rebound.
12:58 of 3rd period - Patrick Marleau wins face-off versus Casey Cizikas in PHILADELPHIA Flyers zone.
13:17 of 3rd period - Shot by Michael Frolik.
13:17 of 3rd period - Stopped by Henrik Lundqvist without a rebound.
13:18 of 3rd period - Richard Panik wins face-off versus Sean Couturier in PHILADELPHIA Flyers zone.
13:19 of 3rd period - Shot by Valtteri Filppula.
13:19 of 3rd period - Deflect By Andre Burakovsky.
13:19 of 3rd period - Shot Misses the Net.
13:32 of 3rd period - Minor Penalty to Sean Couturier for Cross-checking.
13:33 of 3rd period - Artturi Lehkonen wins face-off versus Patrick Marleau in PHILADELPHIA Flyers zone.
13:34 of 3rd period - Shot by Joel Edmundson.
13:34 of 3rd period - Stopped by Henrik Lundqvist without a rebound.
13:35 of 3rd period - Valtteri Filppula wins face-off versus Patrick Marleau in PHILADELPHIA Flyers zone.
13:50 of 3rd period - Shot by Andre Burakovsky.
13:50 of 3rd period - Shot Misses the Net.
14:43 of 3rd period - Shot by Dmitry Kulikov.
14:43 of 3rd period - Shot Blocked by Nikita Zadorov.
14:45 of 3rd period - Shot by Dmitry Kulikov.
14:45 of 3rd period - Stopped by Henrik Lundqvist without a rebound.
14:46 of 3rd period - Michael Frolik wins face-off versus Patrick Marleau in PHILADELPHIA Flyers zone.
15:05 of 3rd period - Icing by Alex Killorn.
15:06 of 3rd period - Patrick Marleau wins face-off versus Michael Frolik in COLUMBUS Blue Jackets zone.
15:45 of 3rd period - Shot by Trevor Lewis.
15:45 of 3rd period - Goal by Trevor Lewis - COLUMBUS Blue Jackets : 3 - PHILADELPHIA Flyers : 3.
15:46 of 3rd period - Sean Couturier wins face-off versus Valtteri Filppula in neutral zone.
16:58 of 3rd period - Shot by Dmitry Kulikov.
16:58 of 3rd period - Stopped by Henrik Lundqvist without a rebound.
16:59 of 3rd period - Casey Cizikas wins face-off versus Patrick Marleau in PHILADELPHIA Flyers zone.
17:22 of 3rd period - Shot by Brendan Gallagher.
17:22 of 3rd period - Shot Blocked by Dmitry Kulikov.
17:24 of 3rd period - Shot by Brendan Gallagher.
17:24 of 3rd period - Stopped by Mike Smith without a rebound.
17:25 of 3rd period - Jori Lehtera wins face-off versus Jared McCann in COLUMBUS Blue Jackets zone.
17:25 of 3rd period - Jori Lehtera is hit by Jared McCann.
17:58 of 3rd period - Alex Killorn is hit by Erik Gudbranson and loses puck.
18:15 of 3rd period - Shot by Andre Burakovsky.
18:15 of 3rd period - Stopped by Henrik Lundqvist with a rebound.
18:17 of 3rd period - Shot by Olli Maatta.
18:17 of 3rd period - Stopped by Henrik Lundqvist without a rebound.
18:18 of 3rd period - Andre Burakovsky wins face-off versus Miles Wood in PHILADELPHIA Flyers zone.
18:19 of 3rd period - Shot by Richard Panik.
18:19 of 3rd period - Shot Misses the Net.
18:26 of 3rd period - Off-side.
18:27 of 3rd period - Patrick Marleau wins face-off versus Valtteri Filppula in neutral zone.
18:29 of 3rd period - Brendan Gallagher is hit by Olli Maatta.
18:36 of 3rd period - Icing by Andre Burakovsky.
18:37 of 3rd period - Sean Couturier wins face-off versus Valtteri Filppula in COLUMBUS Blue Jackets zone.
18:42 of 3rd period - Shot by Sean Couturier.
18:42 of 3rd period - Stopped by Mike Smith without a rebound.
18:43 of 3rd period - Valtteri Filppula wins face-off versus Patrick Marleau in COLUMBUS Blue Jackets zone.
18:48 of 3rd period - Dustin Byfuglien is hit by Richard Panik and loses puck.
18:52 of 3rd period - Icing by Tomas Tatar.
18:53 of 3rd period - Patrick Marleau wins face-off versus Casey Cizikas in PHILADELPHIA Flyers zone.
18:57 of 3rd period - Off-side.
18:58 of 3rd period - Valtteri Filppula wins face-off versus Patrick Marleau in neutral zone.
19:15 of 3rd period - Off-side.
19:16 of 3rd period - Casey Cizikas wins face-off versus Sean Couturier in neutral zone.
19:18 of 3rd period - Off-side.
19:19 of 3rd period - Richard Panik wins face-off versus Max Domi in neutral zone.
19:28 of 3rd period - Off-side.
19:29 of 3rd period - Sean Couturier wins face-off versus Casey Cizikas in neutral zone.
19:48 of 3rd period - Shot by Loui Eriksson.
19:48 of 3rd period - Shot Blocked by Dustin Byfuglien.
19:50 of 3rd period - Shot by Zdeno Chara.
19:50 of 3rd period - Shot Misses the Net.
Goals for this period are 2 for COLUMBUS Blue Jackets vs 2 for PHILADELPHIA Flyers.
Shots for this period are 16 for COLUMBUS Blue Jackets vs 11 for PHILADELPHIA Flyers.

Overtime #1


0:01 of 1st overtime period - Sean Couturier wins face-off versus Valtteri Filppula in neutral zone.
0:58 of 1st overtime period - Dustin Byfuglien is hit by Artturi Lehkonen and loses puck.
1:25 of 1st overtime period - Shot by Trevor Lewis.
1:25 of 1st overtime period - Stopped by Henrik Lundqvist without a rebound.
1:26 of 1st overtime period - Valtteri Filppula wins face-off versus Patrick Marleau in PHILADELPHIA Flyers zone.
2:17 of 1st overtime period - Shot by Artturi Lehkonen.
2:17 of 1st overtime period - Shot Blocked by Alexei Emelin.
2:54 of 1st overtime period - Shot by Zdeno Chara.
2:54 of 1st overtime period - Shot Hit the Post.
3:34 of 1st overtime period - Shot by Joel Edmundson.
3:34 of 1st overtime period - Shot Misses the Net.
4:31 of 1st overtime period - Off-side.
4:32 of 1st overtime period - Sean Couturier wins face-off versus Valtteri Filppula in neutral zone.
4:43 of 1st overtime period - Shot by Max Domi.
4:43 of 1st overtime period - Shot Hit the Post.
4:45 of 1st overtime period - Shot by Nikita Zadorov.
4:45 of 1st overtime period - Stopped by Mike Smith without a rebound.
4:46 of 1st overtime period - Jonathan Drouin wins face-off versus Valtteri Filppula in COLUMBUS Blue Jackets zone.
Goals for this period are 0 for COLUMBUS Blue Jackets vs 0 for PHILADELPHIA Flyers.
Shots for this period are 1 for COLUMBUS Blue Jackets vs 1 for PHILADELPHIA Flyers.

ShootOut


5:00 of 1st overtime period - Penalty Shot by Andre Burakovsky for COLUMBUS Blue Jackets.
5:00 of 1st overtime period - Goal by Andre Burakovsky.
5:00 of 1st overtime period - Penalty Shot by Jonathan Drouin for PHILADELPHIA Flyers.
5:00 of 1st overtime period - Stopped by Mike Smith.
5:00 of 1st overtime period - Penalty Shot by Artturi Lehkonen for COLUMBUS Blue Jackets.
5:00 of 1st overtime period - Stopped by Henrik Lundqvist.
5:00 of 1st overtime period - Penalty Shot by Sebastian Aho for PHILADELPHIA Flyers.
5:00 of 1st overtime period - Shot Misses the Net.
5:00 of 1st overtime period - Penalty Shot by Loui Eriksson for COLUMBUS Blue Jackets.
5:00 of 1st overtime period - Stopped by Henrik Lundqvist.
5:00 of 1st overtime period - Penalty Shot by Sean Couturier for PHILADELPHIA Flyers.
5:00 of 1st overtime period - Stopped by Mike Smith.